[Event "ICCopen2017"]
[Site "Internet Chess Club"]
[Date "2017.03.25"]
[Round "4"]
[White "weakfish"]
[Black "Gruble"]
[Result "0-1"]
[ICCResult "White checkmated"]
[WhiteElo "1299"]
[BlackElo "1721"]
[Opening "Pirc defense"]
[ECO "B07"]
[NIC "PU.08"]
[Time "14:38:42"]
[TimeControl "180+0"]

1. e4 d6 2. d4 Nf6 3. Nc3 e5 4. dxe5 dxe5 5. Qxd8+ Kxd8 6. Bg5 Be6 7. Nf3
Nd7 8. Bxf6+ gxf6 9. O-O-O Bd6 10. Nb5 Ke7 11. Nxc7 Bxc7 12. Bb5 a6 13. Be2
Nc5 14. Nd2 Rhg8 15. g3 b5 16. a3 Rab8 17. Nf3 b4 18. axb4 Rxb4 19. Nd2 Rgb8
20. b3 a5 21. Kb2 a4 22. f3 axb3 23. cxb3 Nxb3 24. Nxb3 Rxb3+ 25. Kc2 Rb2+
26. Kd3 R8b3# {White checkmated} 0-1

[Event "ICCopen2017"]
[Site "Internet Chess Club"]
[Date "2017.03.25"]
[Round "4"]
[White "happychess"]
[Black "tryany1"]
[Result "0-1"]
[ICCResult "White resigns"]
[WhiteElo "1692"]
[BlackElo "1521"]
[Opening "Benoni defense"]
[ECO "A56"]
[NIC "OI.06"]
[Time "14:39:17"]
[TimeControl "180+0"]

1. d4 Nf6 2. c4 c5 3. e3 b6 4. Nf3 cxd4 5. exd4 d5 6. Be2 Bb7 7. Nc3 dxc4 8.
Bxc4 e6 9. O-O Bd6 10. h3 h6 11. Be3 O-O 12. Rc1 Nbd7 13. a3 a6 14. b4 b5
15. Bd3 Qb8 16. Re1 e5 17. dxe5 Nxe5 18. Nxe5 Bxe5 19. Bc5 Re8 20. Ne4 Nxe4
21. Bxe4 Bxe4 22. Rxe4 Bh2+ 23. Kf1 Rxe4 24. Qf3 Qf4 25. Qd3 Qxc1+
{White resigns}
0-1

[Event "ICCopen2017"]
[Site "Internet Chess Club"]
[Date "2017.03.25"]
[Round "4"]
[White "DEHO"]
[Black "Fight-Chess"]
[Result "0-1"]
[ICCResult "White resigns"]
[WhiteElo "2023"]
[BlackElo "1721"]
[Opening "King's Indian: Sämisch, 5...O-O"]
[ECO "E81"]
[NIC "KI.48"]
[Time "14:38:44"]
[TimeControl "180+0"]

1. d4 Nf6 2. c4 g6 3. Nc3 Bg7 4. e4 d6 5. f3 O-O 6. Be3 Nbd7 7. Nh3 c5 8. d5
Nb6 9. Nf2 e6 10. Be2 exd5 11. cxd5 Bd7 12. O-O a6 13. a4 Nc8 14. Qd2 b6 15.
Rfb1 Qe7 16. b4 Ne8 17. Ra2 Nc7 18. bxc5 dxc5 19. Nd3 Re8 20. a5 c4 21. axb6
cxd3 22. Bxd3 Bxc3 23. Qxc3 Nxd5 24. Qd4 Nxe3 25. Qxe3 Nd6 26. Rxa6 Rxa6 27.
Bxa6 Rb8 28. Qc5 Nc8 29. Qc7 Qd6 30. Kf2 Qxc7 {White resigns} 0-1

[Event "ICCopen2017"]
[Site "Internet Chess Club"]
[Date "2017.03.25"]
[Round "4"]
[White "arbuzio"]
[Black "Khanzer17"]
[Result "0-1"]
[ICCResult "White checkmated"]
[WhiteElo "1595"]
[BlackElo "1888"]
[Opening "Scotch: Göring gambit"]
[ECO "C44"]
[NIC "SO.06"]
[Time "14:40:20"]
[TimeControl "180+0"]

1. e4 e5 2. Nf3 Nc6 3. d4 exd4 4. c3 dxc3 5. Bc4 Nf6 6. O-O d6 7. Bxf7+ Kxf7
8. Ng5+ Ke8 9. Nxc3 Bd7 10. f4 Qe7 11. e5 dxe5 12. fxe5 Nxe5 13. Nf3 Nxf3+
14. Qxf3 Qc5+ 15. Kh1 Bc6 16. Qg3 Be7 17. Bg5 Rd8 18. Bxf6 gxf6 19. Rae1 Qg5
20. Qxc7 Qxg2# {White checkmated} 0-1

[Event "ICCopen2017"]
[Site "Internet Chess Club"]
[Date "2017.03.25"]
[Round "4"]
[White "Kalmyk"]
[Black "RnZ"]
[Result "1-0"]
[ICCResult "Black resigns"]
[WhiteElo "2894"]
[BlackElo "2012"]
[Opening "Sicilian: Nimzovich-Rossolimo attack (without ...d6)"]
[ECO "B30"]
[NIC "SI.31"]
[Time "14:39:12"]
[TimeControl "180+0"]

1. e4 c5 2. Nf3 Nc6 3. Bb5 d6 4. O-O g6 5. e5 dxe5 6. Nxe5 Qc7 7. Qf3 Qxe5
8. Bxc6+ Kd8 9. Bxb7 Bxb7 10. Qxb7 Rb8 11. Qxa7 Nf6 12. d4 cxd4 13. Rd1 Nd7
14. Nd2 Qc7 15. Qa4 Bg7 16. Nf3 e5 17. c3 dxc3 18. bxc3 Ke7 19. Ba3+ Ke8 20.
Bd6 {Black resigns} 1-0

[Event "ICCopen2017"]
[Site "Internet Chess Club"]
[Date "2017.03.25"]
[Round "4"]
[White "Sophiste"]
[Black "Geochess"]
[Result "1-0"]
[ICCResult "Black resigns"]
[WhiteElo "3237"]
[BlackElo "1950"]
[Opening "Queen's pawn game"]
[ECO "D02"]
[NIC "QP.08"]
[Time "14:40:31"]
[TimeControl "180+0"]

1. d4 d5 2. Nf3 e6 3. Bf4 f5 4. e3 Nf6 5. c4 c6 6. Nc3 Bd6 7. Ne5 O-O 8. Bd3
Ne4 9. f3 Nxc3 10. bxc3 Qe7 11. c5 Bc7 12. O-O Qd8 13. Rb1 Nd7 14. Nxd7 Qxd7
15. a4 Bxf4 16. exf4 b6 17. cxb6 axb6 18. Rxb6 Rxa4 19. Qxa4 {Black resigns}
1-0

[Event "ICCopen2017"]
[Site "Internet Chess Club"]
[Date "2017.03.25"]
[Round "4"]
[White "JustKid"]
[Black "DarthVadar"]
[Result "0-1"]
[ICCResult "White resigns"]
[WhiteElo "2171"]
[BlackElo "1821"]
[Opening "Pirc defense"]
[ECO "B07"]
[NIC "PU.08"]
[Time "14:38:53"]
[TimeControl "180+0"]

1. d4 d6 2. e4 Nf6 3. Nc3 Nbd7 4. g3 e5 5. Nge2 Be7 6. Bg2 O-O 7. O-O c6 8.
h3 Qc7 9. a4 b6 10. Be3 a6 11. d5 Bb7 12. Qd2 b5 13. dxc6 Bxc6 14. Nd5 Bxd5
15. exd5 Nb6 16. b3 bxa4 17. Bxb6 Qxb6 18. Rxa4 Nd7 19. Rfa1 Nc5 20. R4a2 f5
21. Nc3 Bf6 22. Na4 Nxa4 23. Rxa4 e4 24. R1a2 Rfe8 25. Qe3 Qb5 26. Bf1 Qd7
27. Rxa6 Rxa6 28. Rxa6 Be5 29. Ra7 Qd8 30. Bb5 Rf8 31. Bc6 f4 32. Qxe4 fxg3
33. fxg3 Qb6+ 34. Kg2 Qf2+ 35. Kh1 Qf1+ 36. Kh2 Rf2+ {White resigns} 0-1

[Event "ICCopen2017"]
[Site "Internet Chess Club"]
[Date "2017.03.25"]
[Round "4"]
[White "LeonieHelm"]
[Black "fabes001"]
[Result "1-0"]
[ICCResult "Black checkmated"]
[WhiteElo "1619"]
[BlackElo "1309"]
[Opening "King's pawn opening"]
[ECO "B07"]
[NIC "VO.17"]
[Time "14:39:17"]
[TimeControl "180+0"]

1. e4 d6 2. d4 e5 3. dxe5 dxe5 4. Qxd8+ Kxd8 5. Bc4 c6 6. f4 f6 7. fxe5 fxe5
8. Nf3 Bc5 9. Nxe5 Nd7 10. Nf7+ Kc7 11. Nxh8 Ne5 12. Bxg8 Bg4 13. Bf4 Bd6
14. h3 Rxg8 15. hxg4 Rxh8 16. Nc3 h6 17. O-O-O g5 18. Bxe5 Bxe5 19. Rh5 Bf4+
20. Kb1 b5 21. Rdh1 b4 22. Ne2 Re8 23. Nxf4 gxf4 24. Rxh6 Rxe4 25. Rh7+ Kb6
26. c3 Re2 27. g5 Rxg2 28. Rg7 f3 29. Rf1 f2 30. Rf7 Rg1 31. Rxf2 Rxg5 32.
cxb4 Kb5 33. Rf5+ Rxf5 34. Rxf5+ Kxb4 35. Kc2 c5 36. Rf6 a5 37. a3+ Kc4 38.
b3+ Kb5 39. Kc3 a4 40. bxa4+ Kxa4 41. Kc4 Kxa3 42. Rb6 Ka4 43. Ra6#
{Black checkmated}
1-0

[Event "ICCopen2017"]
[Site "Internet Chess Club"]
[Date "2017.03.25"]
[Round "4"]
[White "Spirals"]
[Black "bss2005"]
[Result "1-0"]
[ICCResult "Black resigns"]
[WhiteElo "2191"]
[BlackElo "1781"]
[Opening "Sicilian: closed"]
[ECO "B24"]
[NIC "SI.44"]
[Time "14:38:39"]
[TimeControl "180+0"]

1. e4 c5 2. Nc3 Nc6 3. g3 g6 4. Bg2 Bg7 5. Nf3 d6 6. O-O Nf6 7. d3 O-O 8. h3
Rb8 9. a4 a6 10. Be3 b5 11. axb5 axb5 12. Re1 Nd7 13. d4 b4 14. Na4 cxd4 15.
Nxd4 Nce5 16. f4 Nc4 17. Nc6 Nxe3 18. Rxe3 Qc7 19. Nxb8 Qa7 20. Qe1 Bd4 21.
Nc6 Bxe3+ 22. Kh2 Qc7 23. Nxe7+ Kg7 24. Qxe3 Qxc2 25. Qd4+ Nf6 26. Nd5
{Black resigns}
1-0

[Event "ICCopen2017"]
[Site "Internet Chess Club"]
[Date "2017.03.25"]
[Round "4"]
[White "StaggerLee"]
[Black "icewoman"]
[Result "1-0"]
[ICCResult "Black checkmated"]
[WhiteElo "1362"]
[BlackElo "1078"]
[Opening "Pirc defense"]
[ECO "B07"]
[NIC "PU.08"]
[Time "14:39:40"]
[TimeControl "180+0"]

1. e4 d6 2. d4 Nf6 3. Nc3 Nbd7 4. Bc4 e5 5. dxe5 dxe5 6. Nf3 Be7 7. Be3 h6
8. Qd2 g5 9. h3 Nf8 10. Qe2 Ng6 11. Bd3 Be6 12. O-O-O c6 13. Bc4 Qc7 14.
Bxe6 fxe6 15. g4 Nf4 16. Bxf4 exf4 17. Qc4 Rd8 18. Qxe6 Rxd1+ 19. Rxd1 Nxe4
20. Qxe4 Rf8 21. Re1 Qb6 22. Qxe7# {Black checkmated} 1-0

[Event "ICCopen2017"]
[Site "Internet Chess Club"]
[Date "2017.03.25"]
[Round "4"]
[White "Marblerevealer"]
[Black "flinkfinger"]
[Result "0-1"]
[ICCResult "White resigns"]
[WhiteElo "1755"]
[BlackElo "2182"]
[Opening "Queen's pawn game"]
[ECO "A46"]
[NIC "QP.05"]
[Time "14:38:41"]
[TimeControl "180+0"]

1. d4 Nf6 2. Nf3 e6 3. Bf4 c5 4. c3 d5 5. Nbd2 Nc6 6. e3 Bd6 7. Bg3 O-O 8.
Ne5 Qc7 9. f4 Ne7 10. Bd3 b6 11. Bh4 Ne8 12. Qh5 g6 13. Qh6 Nf5 14. Bxf5
exf5 15. Bf2 Nf6 16. Ndf3 Ne4 17. O-O f6 18. Nd3 Ba6 19. Rfd1 Bxd3 20. Rxd3
c4 21. Rdd1 b5 22. Nd2 Nxd2 23. Rxd2 b4 24. Rb1 Rab8 25. Rdd1 Rb6 26. cxb4
Rxb4 27. h4 Rfb8 28. h5 Bf8 {White resigns} 0-1

[Event "ICCopen2017"]
[Site "Internet Chess Club"]
[Date "2017.03.25"]
[Round "4"]
[White "gannikus1992"]
[Black "fletcherdavid"]
[Result "1-0"]
[ICCResult "Black resigns"]
[WhiteElo "2437"]
[BlackElo "1871"]
[Opening "Caro-Kann: advance variation"]
[ECO "B12"]
[NIC "CK.04"]
[Time "14:40:08"]
[TimeControl "180+0"]

1. e4 c6 2. d4 d5 3. e5 Bf5 4. Nf3 e6 5. Be2 c5 6. Be3 Nd7 7. O-O Bg4 8. c4
cxd4 9. Nxd4 Bxe2 10. Qxe2 dxc4 11. Qxc4 Rc8 12. Qa4 Bc5 13. Nb5 Kf8 14.
Bxc5+ Nxc5 15. Qa3 Qe7 16. Nd2 Nh6 17. Rac1 g6 18. Nd6 {Black resigns} 1-0

[Event "ICCopen2017"]
[Site "Internet Chess Club"]
[Date "2017.03.25"]
[Round "4"]
[White "star-night"]
[Black "LouiseErdrich"]
[Result "1-0"]
[ICCResult "Black resigns"]
[WhiteElo "1899"]
[BlackElo "1124"]
[Opening "Lengfellner system"]
[ECO "C01"]
[NIC "FR.01"]
[Time "14:39:16"]
[TimeControl "180+0"]

1. e4 e6 2. d4 d6 3. Nd2 Nd7 4. Bd3 e5 5. c4 Be7 6. d5 Ngf6 7. Ne2 O-O 8.
Nf3 Nc5 9. h3 Ncxe4 10. O-O Nc5 11. Bc2 h6 12. Nc3 a6 13. b4 Ncd7 14. Bb2
Re8 15. a3 Nh7 16. Qb1 Ng5 17. Nxg5 Bxg5 18. Ne4 Be7 19. c5 Nf6 20. f4 Nxe4
21. Bxe4 Bf6 22. fxe5 dxe5 23. Bh7+ Kh8 24. Be4 Bd7 25. Qc2 Bb5 26. Rad1
Bxf1 27. Rxf1 Rb8 28. Qd2 Qd7 29. Rxf6 gxf6 30. Qxh6+ Kg8 31. Bh7+ Kh8 32.
Bg6+ Kg8 33. Bh7+ Kh8 34. Bf5+ Kg8 35. Bxd7 {Black resigns} 1-0

[Event "ICCopen2017"]
[Site "Internet Chess Club"]
[Date "2017.03.25"]
[Round "4"]
[White "uggi"]
[Black "Zephyr"]
[Result "0-1"]
[ICCResult "White resigns"]
[WhiteElo "1953"]
[BlackElo "1527"]
[Opening "QGD: exchange, positional line"]
[ECO "D35"]
[NIC "QO.16"]
[Time "14:40:29"]
[TimeControl "180+0"]

1. d4 d5 2. c4 e6 3. Nc3 Nf6 4. cxd5 exd5 5. Bg5 Be7 6. e3 O-O 7. Bd3 Nbd7
8. Qc2 c6 9. Nge2 Re8 10. O-O Nf8 11. Rad1 Be6 12. f3 Rc8 13. h3 c5 14. dxc5
Bxc5 15. Nd4 Bxd4 16. exd4 h6 17. Bh4 a6 18. Qb3 b5 19. a4 Qb6 20. axb5
Qxd4+ 21. Kh1 Qxh4 22. bxa6 d4 23. Nb5 Bxb3 {White resigns} 0-1

[Event "ICCopen2017"]
[Site "Internet Chess Club"]
[Date "2017.03.25"]
[Round "4"]
[White "yachikoham"]
[Black "joppie"]
[Result "0-1"]
[ICCResult "White resigns"]
[WhiteElo "1340"]
[BlackElo "1625"]
[Opening "Sicilian: Grand Prix attack"]
[ECO "B21"]
[NIC "SI.48"]
[Time "14:38:38"]
[TimeControl "180+0"]

1. e4 c5 2. f4 Nc6 3. Nf3 d6 4. c3 g6 5. Bc4 Bg7 6. O-O Nf6 7. d3 O-O 8. Be3
a6 9. a4 Bd7 10. Kh1 Rb8 11. Nbd2 b5 12. axb5 axb5 13. Ba2 b4 14. Nc4 Ng4
15. Bg1 bxc3 16. bxc3 Bxc3 17. Rc1 Bg7 18. h3 Nf6 19. e5 Ne8 20. exd6 exd6
21. Qe2 Nb4 22. Bb1 Be6 23. Ng5 Bxc4 24. dxc4 Nf6 25. Qf3 Qd7 26. Rfd1 Rbd8
27. Ne4 Nxe4 28. Qxe4 Rfe8 29. Qf3 Qe6 30. Re1 Qxe1 31. Be4 Qxc1 {White
resigns} 0-1

[Event "ICCopen2017"]
[Site "Internet Chess Club"]
[Date "2017.03.25"]
[Round "4"]
[White "anakinnn"]
[Black "kutittaja"]
[Result "0-1"]
[ICCResult "White resigns"]
[WhiteElo "1264"]
[BlackElo "1696"]
[Opening "Sicilian: Pelikan (Lasker/Sveshnikov) variation"]
[ECO "B33"]
[NIC "SI.35"]
[Time "14:38:43"]
[TimeControl "180+0"]

1. e4 c5 2. Nf3 Nc6 3. d4 cxd4 4. Nxd4 Nf6 5. Nc3 e5 6. Nf3 Bb4 7. Bd3 d5 8.
exd5 Nxd5 9. Bd2 Nxc3 10. Bxc3 Bxc3+ 11. bxc3 O-O 12. O-O f5 13. Re1 e4 14.
Bc4+ Kh8 15. Nd4 Ne5 16. Be6 Qc7 17. Bxc8 Qxc8 18. Re3 Rd8 19. Qh5 g6 20.
Qh6 Ng4 21. Qh4 Nxe3 22. Qf6+ Kg8 23. Ne6 Rd7 24. fxe3 Qc6 25. Rf1 Rf7 26.
Qe5 Re8 27. Rxf5 Qxe6 {White resigns} 0-1

[Event "ICCopen2017"]
[Site "Internet Chess Club"]
[Date "2017.03.25"]
[Round "4"]
[White "Dinamit"]
[Black "fisek2007"]
[Result "1-0"]
[ICCResult "Black resigns"]
[WhiteElo "2633"]
[BlackElo "2338"]
[Opening "Giuoco Pianissimo"]
[ECO "C50"]
[NIC "IG.02"]
[Time "14:39:16"]
[TimeControl "180+0"]

1. e4 e5 2. Nf3 Nc6 3. Bc4 Bc5 4. d3 Nf6 5. c3 a6 6. O-O d6 7. Bg5 h6 8. Bh4
g5 9. Bg3 Qe7 10. Nbd2 Bg4 11. Kh1 O-O-O 12. b4 Ba7 13. a4 h5 14. h4 d5 15.
exd5 Nxd5 16. Qb3 Nf4 17. Bxf4 gxf4 18. a5 f6 19. b5 axb5 20. Qxb5 Nb8 21.
a6 Nxa6 22. Rxa6 bxa6 23. Qxa6+ Kb8 24. Rb1+ Bb6 25. Ra1 c5 26. Qxb6+ Qb7
27. Qxf6 Qb2 28. Rb1 {Black resigns} 1-0

[Event "ICCopen2017"]
[Site "Internet Chess Club"]
[Date "2017.03.25"]
[Round "4"]
[White "evorg"]
[Black "thxgg"]
[Result "0-1"]
[ICCResult "White resigns"]
[WhiteElo "1531"]
[BlackElo "1865"]
[Opening "French: advance variation"]
[ECO "C02"]
[NIC "FR.03"]
[Time "14:38:55"]
[TimeControl "180+0"]

1. e4 e6 2. d4 d5 3. e5 c5 4. c3 Nc6 5. Be3 f6 6. f4 cxd4 7. cxd4 Bd7 8. Nf3
Rc8 9. Be2 fxe5 10. Nxe5 Nge7 11. O-O Nf5 12. Bf2 g6 13. Nc3 Bg7 14. Bh5 O-O
15. Nxg6 hxg6 16. Bxg6 Nh4 17. Bxh4 Qxh4 18. Rf3 Rxf4 19. Rxf4 Qxf4 20. Qh5
Qh6 21. Qg4 Rf8 22. Rf1 Rxf1+ 23. Kxf1 Nxd4 24. h4 Qc1+ 25. Kf2 Qxb2+ 26.
Kg1 Qxc3 27. Qf4 Ne2+ {White resigns} 0-1

[Event "ICCopen2017"]
[Site "Internet Chess Club"]
[Date "2017.03.25"]
[Round "4"]
[White "BillietheKid"]
[Black "fishmaster"]
[Result "0-1"]
[ICCResult "White resigns"]
[WhiteElo "1409"]
[BlackElo "1735"]
[Opening "Ruy Lopez: Anderssen variation"]
[ECO "C77"]
[NIC "RL.12"]
[Time "14:39:51"]
[TimeControl "180+0"]

1. e4 e5 2. Nf3 Nc6 3. Bb5 a6 4. Ba4 Nf6 5. d3 b5 6. Bb3 Be7 7. c3 d6 8. Bg5
O-O 9. Nbd2 h6 10. Bh4 Na5 11. Bc2 c5 12. O-O Nc6 13. h3 d5 14. Qe2 d4 15.
Rfd1 Qc7 16. Nf1 Nh5 17. Bxe7 Qxe7 18. N3h2 Nf4 19. Qf3 Qg5 20. Ng4 h5 21.
Nfh2 hxg4 22. Nxg4 Bxg4 23. h4 {White resigns} 0-1

[Event "ICCopen2017"]
[Site "Internet Chess Club"]
[Date "2017.03.25"]
[Round "4"]
[White "Lovelife"]
[Black "JanTheMan"]
[Result "1-0"]
[ICCResult "Black resigns"]
[WhiteElo "1899"]
[BlackElo "2361"]
[Opening "French: Winawer (Nimzovich) variation"]
[ECO "C15"]
[NIC "FR.08"]
[Time "14:38:54"]
[TimeControl "180+0"]

1. e4 e6 2. d4 d5 3. Nc3 Bb4 4. a3 Bxc3+ 5. bxc3 dxe4 6. Qg4 Nf6 7. Qxg7 Rg8
8. Qh6 Nbd7 9. a4 b6 10. a5 Bb7 11. Nh3 c5 12. Bg5 Rg6 13. Qh4 Qc7 14. Bb5
Bc6 15. axb6 Qxb6 16. Bxc6 Qxc6 17. Nf4 h6 18. Nxg6 cxd4 19. O-O fxg6 20.
Bxf6 e5 21. Be7 g5 22. Bxg5 hxg5 23. Qxg5 Qf6 24. Qg4 Nc5 25. Qg8+ Qf8 26.
Qd5 Rd8 27. Qxe5+ Qe7 28. cxd4 Qxe5 29. dxe5 a6 30. Rfd1 Rc8 31. Rd5 Ke7 32.
Rd6 Rb8 33. h4 Rb2 34. Rc6 Rxc2 35. Raxa6 Nxa6 36. Rxc2 Nb4 37. Rc4 Nd3 38.
Rxe4 {Black resigns} 1-0

[Event "ICCopen2017"]
[Site "Internet Chess Club"]
[Date "2017.03.25"]
[Round "4"]
[White "Magagna"]
[Black "Knight-Rookie"]
[Result "1-0"]
[ICCResult "Black checkmated"]
[WhiteElo "1610"]
[BlackElo "1232"]
[Opening "Queen's pawn"]
[ECO "A40"]
[NIC "QO.17"]
[Time "14:39:35"]
[TimeControl "180+0"]

1. d4 e6 2. Nf3 d6 3. c4 Ne7 4. Nc3 g6 5. e4 Bg7 6. Be3 O-O 7. Bd3 Nd7 8.
O-O b6 9. Re1 Bb7 10. Qd2 Rc8 11. Bh6 Nf6 12. Bxg7 Kxg7 13. Rac1 Nd7 14. e5
Bxf3 15. gxf3 dxe5 16. dxe5 Nc6 17. f4 Qh4 18. Qe3 Nc5 19. Be4 Nxe4 20. Nxe4
Rcd8 21. Rcd1 Qg4+ 22. Qg3 Qxg3+ 23. fxg3 Rxd1 24. Rxd1 Rd8 25. Rxd8 Nxd8
26. Kf2 c5 27. Nd6 Nc6 28. Nc8 a5 29. Nxb6 f6 30. Nd7 fxe5 31. Nxc5 exf4 32.
Nxe6+ Kf6 33. Nxf4 g5 34. Nd5+ Ke5 35. Ke3 Nb4 36. Nc3 h5 37. a3 Nc2+ 38.
Kd3 Nd4 39. b4 axb4 40. axb4 h4 41. c5 hxg3 42. hxg3 g4 43. Ne2 Nxe2 44.
Kxe2 Kd5 45. Ke3 Kc4 46. c6 Kxb4 47. c7 Kc3 48. c8=Q+ Kb2 49. Qc4 Kb1 50.
Qc3 Ka2 51. Qb4 Ka1 52. Kd2 Ka2 53. Kc2 Ka1 54. Qb1# {Black checkmated} 1-0

[Event "ICCopen2017"]
[Site "Internet Chess Club"]
[Date "2017.03.25"]
[Round "4"]
[White "concrete"]
[Black "Nakia"]
[Result "1-0"]
[ICCResult "Black checkmated"]
[WhiteElo "2078"]
[BlackElo "1743"]
[Opening "French: Winawer, advance, Bogolyubov variation"]
[ECO "C17"]
[NIC "FR.10"]
[Time "14:38:40"]
[TimeControl "180+0"]

1. e4 e6 2. d4 d5 3. Nc3 Bb4 4. e5 c5 5. Bd2 c4 6. Qg4 Kf8 7. h4 h6 8. h5
Ne7 9. Rh3 a6 10. Rf3 Qe8 11. Qf4 Nbc6 12. g4 Bd7 13. Bh3 b5 14. Nge2 Rb8
15. Nd1 Bxd2+ 16. Qxd2 b4 17. Qf4 Nd8 18. Ne3 Kg8 19. g5 hxg5 20. Qxg5 Qf8
21. Nf4 Rh7 22. Ke2 Kh8 23. Rg1 b3 24. axb3 cxb3 25. c3 a5 26. Ng6+ fxg6 27.
hxg6 Qxf3+ 28. Kxf3 Rxh3+ 29. Kg2 Rxe3 30. Qxe7 Re2 31. Qf8# {Black
checkmated} 1-0

[Event "ICCopen2017"]
[Site "Internet Chess Club"]
[Date "2017.03.25"]
[Round "4"]
[White "chigato"]
[Black "Xadrez47"]
[Result "1-0"]
[ICCResult "Black resigns"]
[WhiteElo "1720"]
[BlackElo "1483"]
[Opening "Gedult's opening"]
[ECO "A00"]
[Time "14:40:42"]
[TimeControl "180+0"]

1. f3 d5 2. e4 dxe4 3. fxe4 e5 4. Nf3 Nf6 5. Bd3 Bg4 6. Qe2 Nc6 7. c3 Bc5 8.
Bc2 O-O 9. d3 Nh5 10. b4 Bxf3 11. Qxf3 Qh4+ 12. g3 Qh3 13. bxc5 Rad8 14. Qf1
Qg4 15. Bd1 Qg6 16. Qf3 f5 17. Qxh5 Qe6 18. Bb3 {Black resigns} 1-0

[Event "ICCopen2017"]
[Site "Internet Chess Club"]
[Date "2017.03.25"]
[Round "4"]
[White "NUANCE"]
[Black "zztop"]
[Result "0-1"]
[ICCResult "White checkmated"]
[WhiteElo "949"]
[BlackElo "1453"]
[Opening "Queen's pawn: English defense"]
[ECO "A40"]
[NIC "QO.17"]
[Time "14:38:49"]
[TimeControl "180+0"]

1. d4 b6 2. e3 Bb7 3. Nf3 e6 4. Nbd2 Nf6 5. Be2 Be7 6. O-O O-O 7. c4 h6 8.
b3 Nc6 9. Bb2 a5 10. d5 exd5 11. Bxf6 Bxf6 12. Rb1 dxc4 13. Nxc4 d6 14. e4
Ne7 15. Bd3 Ng6 16. Ne3 Nf4 17. Bc2 Re8 18. Nd4 Bxe4 19. Bxe4 Rxe4 20. Nc6
Qd7 21. Nc4 Qxc6 22. Rc1 Qd7 23. Ne3 Rae8 24. Ng4 Bg5 25. Qf3 Ng6 26. Ne3
Bxe3 27. fxe3 Rxe3 28. Qxf7+ Qxf7 29. Rxf7 Kxf7 30. Rf1+ Kg8 31. h3 Re1 32.
Kf2 Rxf1+ 33. Kxf1 Ne5 34. Kf2 Nd3+ 35. Kf3 Nc1 36. Kf4 Nxa2 37. Kf5 Nc1 38.
Kg6 Nxb3 39. g4 Nd4 40. h4 Re6+ 41. Kh5 Kh7 42. g5 g6+ 43. Kg4 h5+ 44. Kh3
a4 45. Kg3 a3 46. Kf4 a2 47. Kg3 a1=Q 48. Kf2 Qe1+ 49. Kg2 Qe2+ 50. Kg3 Re3+
51. Kf4 Qf3# {White checkmated} 0-1

[Event "ICCopen2017"]
[Site "Internet Chess Club"]
[Date "2017.03.25"]
[Round "4"]
[White "darkprince"]
[Black "Theunrock"]
[Result "0-1"]
[ICCResult "White resigns"]
[WhiteElo "1251"]
[BlackElo "1685"]
[Opening "Ruy Lopez: Schliemann defense"]
[ECO "C63"]
[NIC "RL.06"]
[Time "14:38:42"]
[TimeControl "180+0"]

1. e4 e5 2. Nf3 Nc6 3. Bb5 f5 4. exf5 e4 5. Ng1 Nf6 6. Ne2 d5 7. O-O Bxf5 8.
d3 Bd6 9. dxe4 dxe4 10. Bg5 Bxh2+ 11. Kh1 Qxd1 12. Rxd1 Ng4 13. Bh4 Bd6 14.
Nbc3 g5 15. Rxd6 cxd6 16. Bxg5 Nxf2+ 17. Kg1 Ng4 18. Nd5 O-O 19. Ne7+ Kg7
20. Nxc6 bxc6 21. Bxc6 Rac8 22. Bd5 Kg6 23. c3 Kxg5 24. c4 Ne3 25. Nc3 Nxd5
26. cxd5 e3 27. Re1 Rce8 28. Re2 Bd3 29. Re1 e2 30. a3 Rf1+ 31. Rxf1 exf1=Q+
32. Kh2 Be4 {White resigns} 0-1

[Event "ICCopen2017"]
[Site "Internet Chess Club"]
[Date "2017.03.25"]
[Round "4"]
[White "arshavin2015"]
[Black "Skeptic1972"]
[Result "0-1"]
[ICCResult "White checkmated"]
[WhiteElo "2014"]
[BlackElo "1698"]
[Opening "Sicilian: Nimzovich-Rossolimo attack (with ...g6, without ...d6)"]
[ECO "B31"]
[NIC "SI.31"]
[Time "14:39:32"]
[TimeControl "180+0"]

1. e4 c5 2. Nf3 Nc6 3. Bb5 g6 4. Bxc6 bxc6 5. d3 Bg7 6. Nc3 e5 7. Be3 d6 8.
h3 Ne7 9. Qd2 h6 10. O-O f5 11. exf5 gxf5 12. Qe1 O-O 13. Nh2 f4 14. Bd2 f3
15. Nxf3 Rxf3 16. gxf3 Bxh3 17. Qe4 Nf5 18. Kh2 d5 19. Qa4 Bxf1 20. Rxf1 Nd4
21. Kg2 Qf6 22. f4 Qg6+ 23. Kh2 Qh5+ 24. Kg2 Qg4+ 25. Kh2 Nf3+ 26. Kh1 Qh3#
{White checkmated}
0-1

[Event "ICCopen2017"]
[Site "Internet Chess Club"]
[Date "2017.03.25"]
[Round "4"]
[White "Palse"]
[Black "Darnoc"]
[Result "0-1"]
[ICCResult "White resigns"]
[WhiteElo "2253"]
[BlackElo "2914"]
[Opening "French: Steinitz, Boleslavsky variation"]
[ECO "C11"]
[NIC "FR.04"]
[Time "14:38:53"]
[TimeControl "180+0"]

1. e4 e6 2. d4 d5 3. Nc3 Nf6 4. e5 Nfd7 5. f4 c5 6. Nf3 Nc6 7. Be3 cxd4 8.
Nxd4 Bc5 9. Qd2 O-O 10. O-O-O a6 11. Qf2 Bxd4 12. Bxd4 b5 13. Be3 Qa5 14.
Kb1 b4 15. Ne2 Qc7 16. Nd4 Nxd4 17. Bxd4 a5 18. Bd3 Ba6 19. Rhe1 Rfc8 20. f5
a4 21. Bxa6 Rxa6 22. f6 b3 23. Rc1 Rc6 24. Qg3 bxc2+ 25. Ka1 g6 26. Qh4 Qd8
27. Re3 Rc4 28. Rh3 h5 29. Qf2 Nc5 30. Bxc5 R8xc5 31. Qd2 Qf8 32. Rg3 Kh7
33. Qd3 Qh6 34. Re3 Re4 {White resigns} 0-1

[Event "ICCopen2017"]
[Site "Internet Chess Club"]
[Date "2017.03.25"]
[Round "4"]
[White "Boing777"]
[Black "sloeber84"]
[Result "1-0"]
[ICCResult "Black checkmated"]
[WhiteElo "2443"]
[BlackElo "1925"]
[Opening "Old Benoni defense"]
[ECO "A43"]
[NIC "OI.09"]
[Time "14:39:04"]
[TimeControl "180+0"]

1. d4 c5 2. Nf3 cxd4 3. Nxd4 Nc6 4. Nb3 g6 5. g3 Bg7 6. Bg2 a5 7. O-O a4 8.
Nc5 d6 9. Nd3 a3 10. Nc3 axb2 11. Bxb2 Nf6 12. a4 O-O 13. e4 Bg4 14. Qe1 Nd4
15. Rc1 Nf3+ 16. Bxf3 Bxf3 17. Qe3 Bg4 18. f3 Bh3 19. Rfd1 Nd7 20. Nf4 Be6
21. Nxe6 fxe6 22. Rb1 Ne5 23. f4 Nc4 24. Qd3 Qb6+ 25. Kh1 Nxb2 26. Qe2 Bxc3
27. Rd3 Bg7 28. Rb3 Qa6 29. Qg4 Qxa4 30. Qxe6+ Kh8 31. Rxb7 Rf6 32. Qxe7 Rg8
33. R1xb2 Qa8 34. Ra7 Qc6 35. Rb8 Rf7 36. Rxg8+ Kxg8 37. Qxf7+ Kh8 38. Qxg7#
{Black checkmated}
1-0

[Event "ICCopen2017"]
[Site "Internet Chess Club"]
[Date "2017.03.25"]
[Round "4"]
[White "Piranha"]
[Black "Huty"]
[Result "1-0"]
[ICCResult "Black checkmated"]
[WhiteElo "1670"]
[BlackElo "1363"]
[Opening "Sicilian: Najdorf, 6...e6"]
[ECO "B95"]
[NIC "SI.04"]
[Time "14:39:46"]
[TimeControl "180+0"]

1. e4 c5 2. Nf3 d6 3. d4 cxd4 4. Nxd4 Nf6 5. Nc3 a6 6. Bg5 e6 7. Bd3 Nbd7 8.
Qd2 Be7 9. O-O-O Qc7 10. Kb1 b5 11. h4 h6 12. Be3 Nc5 13. f3 O-O 14. g4 Nxd3
15. cxd3 Re8 16. g5 b4 17. Nce2 Nh5 18. gxh6 gxh6 19. Bxh6 Kh7 20. Rdg1 Bb7
21. Nf4 Nxf4 22. Qxf4 Rg8 23. Qxf7+ Kh8 24. Bg7+ Kh7 25. Qh5# {Black
checkmated} 1-0